 Dungeon Crawl Stone Soup version 0.17.1-3-g152610e (webtiles) character file.

7562 kutaczsisior the Thaumaturge (level 10, -8/47 HPs)
             Began as a Spriggan Venom Mage on Mar 22, 2016.
             Was an Elder of Vehumet.
             Killed by an exploding fulminant prism (19 damage)
             ... created by the player character
             ... on level 3 of the Lair of Beasts on Mar 23, 2016.
             The game lasted 02:06:26 (14237 turns).

kutaczsisior the Thaumaturge (Spriggan Venom Mage) Turns: 14237, Time: 02:06:26

Health: -8/47      AC:  5    Str:  4    XL:     10   Next: 96%
Magic:  2/25       EV: 25    Int: 25    God:    Vehumet [****..]
Gold:   542        SH:  0    Dex: 17    Spells: 8 memorised, 1 level left

rFire  . . .     SeeInvis +     D - +2 lajatang (elec)
rCold  . . .     Clarity  .     a - +0 robe
rNeg   . . .     SustAt   .     (shield currently unavailable)
rPois  .         Gourm    .     J - +1 hat {Int+3}
rElec  .         Spirit   .     q - +1 cloak
rCorr  .         Warding  .     (gloves unavailable)
rMut   .         Stasis   .     (boots unavailable)
MR     +....                    (no amulet)
Stlth  ++++......               K - ring of wizardry
                                e - +2 ring of intelligence

@: lethally poisoned (-8 -> -12), very quick, somewhat resistant to hostile
enchantments, stealthy
A: unfitting armour, see invisible, herbivore 3, speed 3, slow metabolism 2
a: Renounce Religion


You were on level 3 of the Lair of Beasts.
You worshipped Vehumet.
Vehumet was greatly pleased with you.
You were not hungry.

You visited 2 branches of the dungeon, and saw 14 of its levels.
You also visited: Sewer.

You collected 542 gold pieces.

Inventory:

Hand Weapons
 j - a +1 hunting sling
 k - a +4 hand axe
 p - a +0 club
 r - a +0 quarterstaff
 u - a +0 flail of protection
 D - a +2 lajatang of electrocution (weapon)
Missiles
 i - 157 stones (quivered)
Armour
 a - a +0 robe (worn)
 d - a +0 pair of gloves
 q - a +1 cloak (worn)
 J - a +1 hat of intelligence (worn)
Magical Staves
 M - an uncursed staff of fire {unknown}
Jewellery
 e - a +2 ring of intelligence (left hand)
 h - an uncursed ring of flight
 l - an uncursed ring of poison resistance
 K - a ring of wizardry (right hand)
 O - a +2 ring of strength
Wands
 n - a wand of draining (5)
 o - a wand of confusion (40)
 v - a wand of flame (0)
 y - a wand of digging (17)
 A - a wand of fireball (7)
 B - a wand of disintegration (3)
 C - a wand of heal wounds (2)
 L - a wand of draining (3)
Scrolls
 f - a scroll of enchant armour
 g - a scroll of identify
 m - a scroll of teleportation
 s - 4 scrolls of fog
 w - 2 scrolls of remove curse
 z - 2 scrolls of blinking
 G - a scroll of enchant weapon
 I - a scroll of recharging
 P - a scroll of fear
Potions
 t - 2 potions of agility
Books
 b - a Young Poisoner's Handbook

   Spells                             Type                      Level
   a - Sting                          Conjuration/Poison           1
   b - Cure Poison                    Poison                       2
   c - Mephitic Cloud                 Conjuration/Poison/Air       3
   d - Olgreb's Toxic Radiance        Poison                       4
   e - Venom Bolt                     Conjuration/Poison           5
 E - an Akashic Record

   Spells                             Type                      Level
   a - Dispersal                      Translocation                6
   b - Malign Gateway                 Summoning/Translocation      7
   c - Disjunction                    Translocation                8
   d - Controlled Blink               Translocation                8
 F - a book of Flames

   Spells                             Type                      Level
   a - Flame Tongue                   Conjuration/Fire             1
   b - Throw Flame                    Conjuration/Fire             2
   c - Conjure Flame                  Conjuration/Fire             3
   d - Inner Flame                    Hexes/Fire                   3
   e - Sticky Flame                   Conjuration/Fire             4
   f - Fireball                       Conjuration/Fire             5
 N - a book of Power

   Spells                             Type                      Level
   a - Fulminant Prism                Conjuration/Hexes            4
   b - Iskenderun's Mystic Blast      Conjuration                  4
   c - Venom Bolt                     Conjuration/Poison           5
   d - Bolt of Magma                  Conjuration/Fire/Earth       5
   e - Iron Shot                      Conjuration/Earth            6
   f - Orb of Destruction             Conjuration                  7
   g - Spellforged Servitor           Conjuration/Summoning        7
Miscellaneous
 H - an ornate deck of changes
Comestibles
 c - 2 bread rations
 x - a fruit


   Skills:
 + Level 2.5 Fighting
   Level 0.4 Short Blades
 + Level 1.6 Staves
 + Level 4.0(4.1) Slings
 + Level 1.2(2.4) Throwing
 + Level 9.1 Dodging
 + Level 5.0 Stealth
 + Level 10.7 Spellcasting
 + Level 6.0 Conjurations
 + Level 0.5 Hexes
 + Level 1.4 Air Magic
 + Level 3.3 Earth Magic
 + Level 7.7 Poison Magic
 + Level 2.5 Evocations


You had one spell level left.
You knew the following spells:

 Your Spells              Type           Power        Failure   Level  Hunger
a - Sting                 Conj/Pois      ####         1%          1    None
b - Mephitic Cloud        Conj/Pois/Air  #####...     1%          3    None
c - Venom Bolt            Conj/Pois      #####.....   1%          5    ####...
d - Stone Arrow           Conj/Erth      #####.       1%          3    None
e - Fireball              Conj/Fire      ####......   4%          5    ####...
f - Fulminant Prism       Conj/Hex       ####......   1%          4    None
g - Static Discharge      Conj/Air       ####....     1%          3    None
h - Bolt of Magma         Conj/Fire/Erth ####......   4%          5    ####...


Dungeon Overview and Level Annotations

Branches:
Dungeon (11/15)            Temple (0/1) D:5            Lair (3/8) D:10
  Swamp: Lair:3-6    Shoals: Lair:3-6     Snake: Lair:3-6    Spider: Lair:3-6
    Orc: D:9-12

Altars:
Cheibriados
Dithmenos
Fedhas
Gozag
Makhleb
Okawaru
Ru
Sif Muna
Vehumet
Yredelemnul
Zin
The Shining One

Shops:
D:4 *

Annotations:
D:4 Pikel; Turin's ghost, amateur TrFi
Lair:1 MirrMurr's ghost, journeyman SpEn


Innate Abilities, Weirdness & Mutations

You are tiny and cannot use many weapons and most armour.
You have supernaturally acute eyesight.
You are a herbivore.
You cover ground extremely quickly.
You need consume almost no food.


Message History

Your fulminant prism crackles loudly.
You feel sick.
Your fulminant prism explodes!
The blast of energy engulfs the bush.
The bush is lightly damaged.
Casting: Fulminant Prism
Confirm with . or Enter, or press ? or * to list all spells.
Aiming: Fulminant Prism
Press: ? - help, Dir - move target cursor You conjure a prism of explosive energy!
You feel sick. The black mamba misses you.
The black mamba completely misses you.
You feel sick. The black mamba completely misses you.
Your fulminant prism crackles loudly.
You feel sick.
Your fulminant prism explodes!
The blast of energy engulfs the black mamba.
The black mamba is severely wounded.
The blast of energy engulfs you!
You die...

..................P#
..................##
...................#
....#............##
####.....#.##....#
#.....####.†..#
##....P# #....##
###....## #..S..#
#.......###..@.##
##P....###......#
##...F# ##.....#
#....## #....##
#$....# #....#
#(...## #....#
#†...# ##....#
#....###.....# .#
##.....###..(.##


You could see a black mamba.

Vanquished Creatures
  Nergalle (D:10)
  A hill giant (D:8)
  A spiny frog (Lair:3)
  A torpor snail (Lair:3)
  A two-headed ogre (D:8)
  8 yaks
  A wyvern (D:9)
  A basilisk (D:10)
  A hungry ghost (D:5)
  An orc warrior (D:9)
  5 porcupines (D:10)
  A sky beast (D:10)
  A necrophage (D:6)
  An ice beast (D:10)
  2 phantoms
  3 crocodiles (D:10)
  5 ogres
  A centaur (D:8)
  7 giant frogs
  5 scorpions
  A water moccasin skeleton (D:8)
  A killer bee (D:10)
  10 wights (D:10)
  2 crimson imps
  A jelly (D:8)
  8 hounds
  2 iguanas
  5 orc wizards
  Jessica (D:5)
  2 orc priests
  5 worker ants
  13 adders
  7 river rats (D:10)
  4 gnolls (D:2)
  4 shadow imps
  9 oozes
  2 adder zombies (D:8)
  3 worms
  13 giant geckos
  24 orcs
  9 ball pythons
  12 bats
  13 giant cockroaches
  10 goblins
  8 hobgoblins
  12 jackals
  11 kobolds
  7 quokkas
  14 giant newts
  A goblin zombie (D:5)
  A kobold zombie (D:5)
  A quokka skeleton (D:6)
  A quokka zombie (D:8)
  6 rats
271 creatures vanquished.

Vanquished Creatures (others)
  A bush (D:10)
  6 fulminant prisms
  2 fungi (D:10)
  11 plants (D:10)
20 creatures vanquished.

Grand Total: 291 creatures vanquished

Notes
Turn   | Place    | Note
--------------------------------------------------------------
     0 | D:1      | kutaczsisior the Spriggan Venom Mage began the quest for the Orb.
     0 | D:1      | Reached XP level 1. HP: 9/9 MP: 5/5
   181 | D:1      | Reached XP level 2. HP: 13/13 MP: 1/6
   739 | D:1      | Reached XP level 3. HP: 16/16 MP: 5/8
  1554 | D:2      | Reached XP level 4. HP: 15/21 MP: 0/10
  1563 | D:2      | Found a sacrificial altar of Ru.
  2016 | D:2      | Reached skill level 1 in Conjurations
  2472 | D:2      | Learned a level 3 spell: Mephitic Cloud
  2546 | D:3      | Reached XP level 5. HP: 21/24 MP: 6/12
  2552 | D:3      | Found a shadowy altar of Dithmenos.
  2817 | D:3      | Found a radiant altar of Vehumet.
  2864 | D:3      | Became a worshipper of Vehumet
  3111 | D:3      | Noticed a giant frog
  3159 | D:3      | Killed a giant frog
  3187 | D:3      | Reached XP level 6. HP: 26/28 MP: 0/14
  3585 | D:4      | Noticed Turin's ghost (amateur TrFi)
  3786 | D:4      | Reached skill level 5 in Dodging
  3831 | D:4      | Found a glowing golden altar of the Shining One.
  3964 | D:4      | Reached * piety under Vehumet
  3964 | D:4      | Offered knowledge of Flame Tongue by Vehumet.
  4064 | D:3      | Reached skill level 5 in Spellcasting
  4273 | D:4      | Found Gooso's Serpentskin Sales.
  4273 | D:4      | Noticed a water moccasin
  4274 | D:4      | Noticed a water moccasin
  4643 | D:4      | Noticed Pikel
  5045 | D:5      | Entered Level 5 of the Dungeon
  5132 | D:5      | Found a sand-covered staircase.
  5207 | D:5      | Found a blossoming altar of Fedhas.
  5376 | D:5      | Reached skill level 5 in Poison Magic
  5395 | D:5      | Found a staircase to the Ecumenical Temple.
  5837 | D:5      | Noticed Jessica
  5845 | D:5      | Killed Jessica
  5858 | D:5      | Found a deep blue altar of Sif Muna.
  6129 | D:5      | Reached XP level 7. HP: 28/32 MP: 4/16
  6574 | D:5      | Reached skill level 1 in Slings
  6738 | D:6      | Reached skill level 1 in Fighting
  6738 | D:6      | Reached skill level 6 in Dodging
  6738 | D:6      | Reached skill level 1 in Evocations
  6751 | D:6      | Learned a level 5 spell: Venom Bolt
  7122 | D:6      | Found a glowing drain.
  7126 | Sewer    | Entered a sewer
  7127 | Sewer    | Offered knowledge of Magic Dart by Vehumet.
  7136 | Sewer    | Reached ** piety under Vehumet
  7632 | Sewer    | Offered knowledge of Stone Arrow by Vehumet.
  7729 | Sewer    | Reached XP level 8. HP: 29/37 MP: 18/18
  8097 | D:6      | Learned a level 3 spell: Stone Arrow
  8241 | D:7      | Reached *** piety under Vehumet
  8585 | D:7      | Found a burning altar of Makhleb.
  8659 | D:7      | Found an iron altar of Okawaru.
  9058 | D:8      | Found a snail-covered altar of Cheibriados.
  9101 | D:8      | Found a glowing silver altar of Zin.
  9102 | D:8      | Found an opulent altar of Gozag.
  9190 | D:8      | Found a shadowy altar of Dithmenos.
  9200 | D:8      | Noticed a hill giant
  9240 | D:8      | Killed a hill giant
  9240 | D:8      | Reached skill level 7 in Dodging
  9240 | D:8      | Reached skill level 1 in Earth Magic
  9324 | D:8      | Reached XP level 9. HP: 42/42 MP: 3/20
  9441 | D:8      | Found a burning altar of Makhleb.
  9762 | D:9      | Reached skill level 1 in Air Magic
  9908 | D:10     | Entered Level 10 of the Dungeon
 10074 | D:10     | Identified a scroll of acquirement
 10110 | D:10     | Offered knowledge of Fulminant Prism by Vehumet.
 10117 | D:10     | Learned a level 5 spell: Fireball
 10122 | D:10     | Learned a level 4 spell: Fulminant Prism
 10226 | D:10     | Reached skill level 8 in Spellcasting
 10676 | D:9      | Found a basalt altar of Yredelemnul.
 11506 | D:10     | Reached skill level 9 in Spellcasting
 11506 | D:10     | Reached skill level 5 in Conjurations
 11563 | D:10     | Reached skill level 1 in Throwing
 11585 | D:10     | Reached **** piety under Vehumet
 11739 | D:10     | Found a staircase to the Lair.
 11788 | D:10     | Reached XP level 10. HP: 23/46 MP: 1/24
 11829 | D:10     | Noticed Nergalle
 11911 | D:10     | Reached skill level 1 in Staves
 12618 | D:10     | Killed Nergalle
 12618 | D:10     | Reached skill level 10 in Spellcasting
 13182 | D:10     | Offered knowledge of Static Discharge by Vehumet.
 13261 | D:10     | Learned a level 3 spell: Static Discharge
 13330 | Lair:1   | Entered Level 1 of the Lair of Beasts
 13361 | Lair:1   | Learned a level 5 spell: Bolt of Magma
 13403 | Lair:1   | Noticed MirrMurr's ghost (journeyman SpEn)
 13833 | Lair:3   | Reached skill level 5 in Stealth
 14155 | Lair:3   | Noticed a black mamba
 14237 | Lair:3   | Killed by an exploding fulminant prism

Action                   |  1- 3 |  4- 6 |  7- 9 | 10-12 || total
-------------------------+-------+-------+-------+-------++-------
Melee: Unarmed           |    50 |       |     1 |       ||    51
       Dagger            |    15 |   164 |    29 |       ||   208
       Hunting sling     |       |       |   116 |       ||   116
       Lajatang          |       |       |    35 |    43 ||    78
 Fire: Hunting sling     |       |       |    63 |       ||    63
Throw: Stone             |       |     5 |    12 |     5 ||    22
 Cast: Sting             |    76 |   179 |   277 |    96 ||   628
       Mephitic Cloud    |       |    16 |     8 |     6 ||    30
       Venom Bolt        |       |       |    24 |    27 ||    51
       Stone Arrow       |       |       |    51 |    21 ||    72
       Fulminant Prism   |       |       |       |     7 ||     7
       Fireball          |       |       |       |     1 ||     1
       Bolt of Magma     |       |       |       |     1 ||     1
 Abil: Evoke Flight      |       |     2 |       |       ||     2
Evoke: Wand              |       |     2 |    11 |    14 ||    27
  Use: Potion            |     2 |     5 |     5 |       ||    12
       Scroll            |     2 |     7 |    16 |     4 ||    29
 Stab: Sleeping          |     1 |     1 |       |       ||     2
       Confused          |       |     1 |       |       ||     1
  Eat: Royal jelly       |       |     1 |     1 |       ||     2
       Fruit             |       |     1 |     1 |     3 ||     5
       Bread ration      |       |       |     2 |     1 ||     3
